 Dungeon Crawl Stone Soup version 0.30.0-29-ga12c61a403 (webtiles) character file.

Game seed: 972939229963100210

219 Heoruswealwe the Caller (level 5, 0/28 HPs)
             Began as a Deep Elf Summoner on June 11, 2023.
             Slain by a hound (4 damage)
             ... on level 3 of the Dungeon.
             The game lasted 00:25:09 (2374 turns).

Heoruswealwe the Caller (Deep Elf Summoner)         Turns: 2374, Time: 00:25:10

Health: 0/28       AC:  2    Str:  5    XL:     5   Next: 63%
Magic:  12/15      EV: 12    Int: 22    God:
Gold:   10         SH:  0    Dex: 15    Spells: 2/15 levels left

rFire   . . .        b - +0 long sword
rCold   . . .        (no shield)
rNeg    . . .        c - +0 robe
rPois   .            (no helmet)
rElec   .            (no cloak)
rCorr   .            (no gloves)
SInv    .            (no boots)
Will    .....        (no amulet)
Stlth   ++           (no ring)
HPRegen 0.24/turn    (no ring)
MPRegen 0.14/turn

%: no passive effects
@: no status effects
A: no striking features
a: no special abilities


You were on level 3 of the Dungeon.
You visited 1 branch of the dungeon, and saw 3 of its levels.

You collected 149 gold pieces.
You spent 139 gold pieces at shops.

Inventory:

Hand Weapons
 b - a +0 long sword (weapon)
Armour
 c - a +0 robe (worn)
 h - a +1 cloak
Wands
 u - a wand of polymorph (4)
Scrolls
 a - 2 scrolls of enchant weapon {unknown}
 d - 2 scrolls of identify {unknown}
 f - a scroll of teleportation {unknown}
 g - a scroll of blinking {unknown}
 i - 2 scrolls of magic mapping {unknown}
 k - a scroll of poison {unknown}
 p - a scroll of noise {unknown}
 r - a scroll of immolation {unknown}
Potions
 e - 2 potions of heal wounds {unknown}
 j - 2 potions of haste {unknown}
 l - 2 potions of resistance {unknown}
 m - a potion of degeneration {unknown}
 o - a potion of might {unknown}
 q - a potion of berserk rage {unknown}
 s - 3 potions of lignification {unknown}
 t - a potion of magic
 v - a potion of curing {unknown}
 w - a potion of mutation {unknown}
 x - a potion of brilliance {unknown}


   Skills:
 + Level 2.9 Ranged Weapons
 - Level 2.4 Dodging
 - Level 2.4 Stealth
 * Level 5.5 Spellcasting
 * Level 5.9 Summonings


You had 2 spell levels left.
You knew the following spells:

 Your Spells              Type           Power      Damage    Failure   Level
a - Summon Small Mammal   Summ           100%       N/A       1%          1
b - Call Imp              Summ           64%        N/A       1%          2
c - Call Canine Familiar  Summ           32%        N/A       2%          3
d - Summon Guardian Gole  Hex/Summ       19%        N/A       9%          3
e - Summon Lightning Spi  Summ/Air       19%        N/A       28%         4

Your spell library contained the following spells:

 Spells                   Type           Power      Damage    Failure   Level
 Freeze                   Ice            24%        1d4       10%         1
 Slow                     Hex            24%        N/A       10%         1
 Confusing Touch          Hex            6%         N/A       28%         3
 Frozen Ramparts          Ice            12%        1d2       28%         3
 Hailstorm                Conj/Ice       6%         3d4       28%         3
 Vampiric Draining        Necr           6%         2d6       28%         3
 Leda's Liquefaction      Hex/Erth       3%         N/A       67%         4
 Lee's Rapid Deconstruct  Erth           3%         3d5*      95%         5
 Statue Form              Tmut/Erth      4%         N/A       100%        6


Dungeon Overview and Level Annotations

Branches:
Dungeon (3/15)

Altars:
Vehumet
Zin

Shops:
D:1 *

Annotations:
D:3 1 transporter


Message History

The jelly jiggles.
You open the door. The white imp spits at you.
You open the door.
You swap places.
The jelly jiggles.
There is an open door here.
A kobold comes into view. It is wielding a +0 dagger.
The kobold shouts!
The kobold throws a stone.
The stone barely misses you.
Your hound closely misses the kobold.
Your hound bites the kobold.
The kobold dies!
Things that are here:
a +0 dagger; 2 stones You swap places.
Your hound disappears in a puff of smoke!
Things that are here:
a +0 dagger; 2 stones
There is an open door here.
The frilled lizard hisses angrily.
The frilled lizard unfolds its giant frill.
The hound barks!
The white imp shouts, "Out, out, thou lily-hearted bat-fowling skainsmate!"
There is a transporter here.
Okay, then.
You enter the transporter and appear at another place.
The hound bites you. The white imp hits you. The white imp freezes you.
The hound bites you. The jelly hits you.
You are splashed with acid!
* * * LOW HITPOINT WARNING * * *
The jelly attacks as you move away! The jelly closely misses you.
The frilled lizard attacks as you move away!
The frilled lizard misses you.
Your wolf bites the white imp.
The jelly attacks as you move away! The jelly closely misses you.
The frilled lizard attacks as you move away!
The frilled lizard bites you.
* * * LOW HITPOINT WARNING * * *
Your wolf bites the white imp.
The hound bites you but does no damage. The hound attacks as you move away!
The hound bites you.
You die...

#...........#.......####.#.#
#...................'....#..
#..>†.##.....©......########
#.....#..#########....#
#.....#.##8$._.$8##...#
#.....#.#..$}$?)..#...#
#.....#.#.#.....#.#...#
#....##.#..#...#..#...#
#######.#..@l....©#...#
#.#..#h..#..#...#
#.#.#J5©h.#.#..##
#.#.........#..#
#.##8.....8##..#
#..#########...#
##.....©.......#
#####.........# ##........#


You could see a hound, a white imp (ally target), a frilled lizard and a
friendly wolf (summoned).

Vanquished Creatures
  A hobgoblin (D:1)
  A jackal (D:2)
2 creatures vanquished.

Vanquished Creatures (collateral kills)
  Crazy Yiuf (D:2)
  Jessica (D:2)
  Natasha (thrice) (D:2)
  Terence (D:2)
  A gnoll (D:1)
  3 dart slugs
  2 bats
  4 endoplasms
  2 giant cockroaches (D:1)
  3 goblins
  3 hobgoblins
  4 jackals (D:2)
  6 kobolds
  4 quokkas
  8 ball pythons
  2 frilled lizards
  3 rats
51 creatures vanquished.

Grand Total: 53 creatures vanquished

Notes
Turn   | Place    | Note
-------+----------+-------------------------------------------
     0 | D:1      | Heoruswealwe the Deep Elf Summoner began the quest for the
                  | Orb.
     0 | D:1      | Reached XP level 1. HP: 10/10 MP: 6/6
   100 | D:1      | Found Iliu's Assorted Antiques.
   126 | D:1      | Reached skill level 1 in Ranged Weapons
   126 | D:1      | Reached XP level 2. HP: 12/15 MP: 5/8
   129 | D:1      | Learned a level 2 spell: Call Imp
   171 | D:1      | Bought a scroll labelled YJIASEEKLU for 26 gold pieces
   171 | D:1      | Bought a scroll labelled RAIRPH IFIS for 26 gold pieces
   480 | D:1      | Reached XP level 3. HP: 19/19 MP: 10/10
   484 | D:1      | Learned a level 3 spell: Call Canine Familiar
   653 | D:1      | Bought a bubbling coppery potion for 23 gold pieces
   858 | D:2      | Noticed Jessica
   874 | D:2      | Killed Jessica
   875 | D:2      | Reached skill level 5 in Summonings
  1141 | D:2      | Noticed Terence
  1164 | D:2      | Killed Terence
  1165 | D:2      | Reached XP level 4. HP: 24/24 MP: 8/12
  1184 | D:2      | Learned a level 3 spell: Summon Guardian Golem
  1217 | D:2      | Found a runed translucent door.
  1218 | D:2      | Noticed Crazy Yiuf
  1236 | D:2      | Killed Crazy Yiuf
  1346 | D:2      | Found a glowing silver altar of Zin.
  1379 | D:2      | Noticed Natasha
  1388 | D:2      | Killed Natasha
  1389 | D:2      | Reached skill level 5 in Spellcasting
  1389 | D:2      | Reached XP level 5. HP: 28/28 MP: 12/14
  1394 | D:2      | Learned a level 4 spell: Summon Lightning Spire
  1449 | D:2      | Noticed Natasha
  1530 | D:2      | Killed Natasha
  1591 | D:2      | Noticed Natasha
  1600 | D:2      | Killed Natasha
  2062 | D:1      | Bought a yellow potion for 23 gold pieces
  2062 | D:1      | Bought a puce potion for 23 gold pieces
  2087 | D:1      | Bought a robe for 18 gold pieces
  2215 | D:3      | Found a radiant altar of Vehumet.
  2247 | D:3      | Found a transporter.
  2255 | D:3      | Found a transporter.
  2374 | D:3      | Slain by a hound

Illustrated notes

Levels and vault maps discovered:
D:1:      minmay_arrival_five_plusses, layout_loops_ring, serial_shops,
          nicolae_shop_tiny_statue_garden
D:2:      layout_basic, basic_altar, uniq_terence, uniq_crazy_yiuf_cottage,
          uniq_natasha, uniq_jessica
D:3:      layout_basic, gammafunk_temple_overflow_arena,
          mainiacjoe_overflow_catwalk_spiral, basic_ecumenical_altar

Skill      XL: |  1  2  3  4 |
---------------+-------------+-----
Ranged Weapons | 1 2 |  2.9
Spellcasting   | 4 5 |  5.5
Summonings     | 5 |  5.9
Dodging        | |  2.4
Stealth        | |  2.4

Action                     |  1- 3 |  4- 6 || total
---------------------------+-------+-------++-------
  Melee: Unarmed           |    11 |     3 ||    14
         Punch             |     1 |       ||     1
         Falchion          |       |     2 ||     2
   Cast: Summon Small Mamm |    16 |       ||    16
         Call Canine Famil |     6 |    10 ||    16
 Armour: Robe              |     5 |     1 ||     6
  Dodge: Dodged            |    20 |    16 ||    36
